 Dungeon Crawl Stone Soup version 0.31-a0-848-gaac375c287 (webtiles) character file.

Game seed: 4459598296605273611

1656 croobank the Covert (level 9, 0/53 (62) HPs)
             Began as an Octopode Delver on Oct 4, 2023.
             Slain by Jeremiah
             ... wielding a +3 trident of draining
              (8 damage)
             ... on level 7 of the Dungeon.
             The game lasted 00:17:41 (5612 turns).

croobank the Covert (Octopode Delver)               Turns: 5612, Time: 00:17:41

HP:   0/53 (62)     AC:  1    Str: 11    XL:     9   Next: 0%
MP:   9/9           EV: 15    Int: 17    God:
Gold: 353           SH:  0    Dex: 13    Spells: 8/8 levels left

rFire   . . .        g - +7 staff of the Meek {protect, meekguard}
rCold   . . .        (shield currently unavailable)
rNeg    + . .        (helmet restricted)
rPois   .            (no amulet)
rElec   .            l - ring of positive energy
rCorr   .            (no ring)
SInv    .            (no ring)
Will    .....        (no ring)
Stlth   +++          (no ring)
HPRegen 0.28/turn    (no ring)
MPRegen 0.11/turn    (no ring)
                     (no ring)

%: no passive effects
@: confused, ambrosia-drunk, heavily drained
A: almost no armour, amphibious, 8 rings, camouflage 1, gelatinous body 1,
(nimble swimmer 1), tentacles
a: no special abilities


You were on level 7 of the Dungeon.
You visited 2 branches of the dungeon, and saw 8 of its levels.

You collected 353 gold pieces.

Inventory:

Hand Weapons
 a - a +0 short sword
 d - a +0 long sword
 e - a +0 war axe
 g - the +7 staff of the Meek (weapon) {protect, meekguard}
   (You found it on level 4 of the Dungeon)
 o - a +1 mace of protection
 p - a +0 trident
 s - a +2 dagger of speed
 C - a +2 flail of protection
 G - a +1 falchion of holy wrath
Missiles
 J - an atropa-tipped dart
Armour
 y - a +1 buckler
Magical Staves
 n - a staff of cold
Jewellery
 l - a ring of positive energy (left tentacle)
 v - a ring of poison resistance
Talismans
 i - a flux talisman
 u - a blade talisman
 E - a serpent talisman
Wands
 f - a wand of digging (3)
 k - a wand of paralysis (14)
 H - a wand of flame (34)
Scrolls
 b - 2 scrolls of fog
 c - 2 scrolls of revelation
 h - a scroll of blinking
 m - 2 scrolls of immolation
 q - 3 scrolls of teleportation
 B - a scroll of amnesia
Potions
 j - a potion of curing
 r - 2 potions of ambrosia
 t - a potion of enlightenment {unknown}
 w - a potion of heal wounds {unknown}
 x - a potion of might {unknown}
 A - a potion of attraction
 F - a potion of magic
 I - 2 potions of brilliance {unknown}
 K - 2 potions of berserk rage {unknown}


   Skills:
 + Level 5.7 Fighting
 + Level 5.2 Short Blades
 + Level 5.1 Dodging
 + Level 9.6 Stealth
 - Level 5.0 Shields


You had 8 spell levels left.
You didn't know any spells.
Your spell library contained the following spells:

 Spells                   Type           Power      Damage    Failure   Level
 Blink                    Tloc           0%         N/A       34%         2
 Lesser Beckoning         Tloc           0%         N/A       34%         2
 Momentum Strike          Conj/Tloc      0%         3d8       34%         2
 Hailstorm                Conj/Ice       0%         3d3       56%         3
 Ozocubu's Armour         Ice            0%         N/A       56%         3
 Leda's Liquefaction      Hex/Erth       0%         N/A       93%         4
 Summon Ice Beast         Ice/Summ       0%         N/A       93%         4
 Lee's Rapid Deconstruct  Erth           0%         3d4*      100%        5
 Bombard                  Conj/Erth      0%         9d1       100%        6


Dungeon Overview and Level Annotations

Branches:
Dungeon (7/15)             Temple (1/1) D:4

Altars:
Ashenzari
Cheibriados
Dithmenos
Elyvilon
Fedhas
Gozag
Hepliaklqana
Kikubaaqudgha
Makhleb
Nemelex Xobeh
Okawaru
Qazlal
Ru
Sif Muna
Trog
Uskayaw
Vehumet
Wu Jian
Xom
Yredelemnul
Zin
The Shining One

Shops:
D:3 [

Annotations:
D:3 1 runed translucent door, lunkers's ghost, amateur MeSh
D:7 Jeremiah


Innate Abilities, Weirdness & Mutations

You cannot wear most types of armour.
You are amphibious.
You can wear up to eight rings at the same time.
Your skin changes colour to match your surroundings (Stealth+).
Your rubbery body absorbs attacks. (AC +1, EV +1)
((You are camouflaged when in or above water. (Stealth+)))
You have tentacles for arms and can constrict up to eight enemies at once.


Message History

The javelin misses the butterfly.
The javelin closely misses the butterfly.
Jeremiah cries, "Fearful master, protect me!"
Something smites you!
Throw: 2 javelins
Press: ? - help, Q - select action, (/) - cycle Shift-Dir - straight line, f/p - Jeremiah
Aim: Jeremiah, wielding a +3 trident of draining, wearing a +0 robe and wearing an orb of energy (47% to hit)
You throw a javelin.
The javelin pierces through the butterfly.
You kill the butterfly!
The butterfly disappears in a burst of colours!
The javelin closely misses Jeremiah.
The javelin misses the butterfly. x2
Jeremiah closely misses you.
Jeremiah hits you from afar with a +3 trident of draining!
You partially resist.
You feel drained.
Throw: javelin
Press: ? - help, Q - select action, (/) - cycle Shift-Dir - straight line, f/p - Jeremiah
Aim: Jeremiah, wielding a +3 trident of draining, wearing a +0 robe and wearing an orb of energy (47% to hit)
You throw a javelin. The javelin misses the butterfly.
The javelin closely misses Jeremiah.
The javelin closely misses the butterfly.
The javelin barely misses the butterfly.
Jeremiah hits you from afar with a +3 trident of draining.
* * * LOW HITPOINT WARNING * * *
You partially resist.
You feel drained.
You are confused.
You feel invigorated.
Jeremiah hits you from afar with a +3 trident of draining!
* * * LOW HITPOINT WARNING * * *
You partially resist.
You feel drained.
* * * LOW HITPOINT WARNING * * *
You completely miss the butterfly.
Your tentacle-slap misses the butterfly.
You squeeze the butterfly.
You kill the butterfly!
The butterfly disappears in a burst of colours!
Jeremiah hops!
Jeremiah hits you from afar with a +3 trident of draining!
You die...
Jeremiah asks, "What happened?
Did... did you die?"

....#...##..........#
.##...#.#.....#######
......#..(....#
...##....b....#
........b(....#
.....<[.(b..b.#
....###...bbb.###
.....##.#...(bb.#####
...#....#######b@b..#
...###### #bbb..#
...# #.F...# ####
#######


You could see Jeremiah.

Vanquished Creatures
  Sigmund (D:3)
  2 water moccasins
  An ice beast (D:7)
  A sky beast (D:7)
  A centaur (D:7)
  A phantom (D:6)
  2 bullfrogs (D:7)
  3 scorpions
  2 orc priests
  3 hounds
  Jessica (D:3)
  3 sleepcaps
  Ijyb (D:3)
  Natasha (thrice) (D:3)
  2 iguanas (D:5)
  4 orc wizards
  4 gnolls (D:3)
  2 adders
  2 ufetubi (D:6)
  2 worms
  A dart slug (D:4)
  15 orcs
  4 bats
  8 endoplasms
  3 giant cockroaches
  5 goblins
  3 hobgoblins
  2 quokkas (D:1)
  4 ball pythons
  4 frilled lizards
  4 kobolds
  5 rats
99 creatures vanquished.

Notes
Turn   | Place    | Note
-------+----------+-------------------------------------------
     0 | D:5      | croobank the Octopode Delver began the quest for the Orb.
     0 | D:5      | Reached XP level 1. HP: 16/16 MP: 1/1
     1 | D:6      | Noticed a hound
     7 | D:6      | Killed a hound
     8 | D:6      | Reached XP level 2. HP: 17/21 MP: 2/2
     8 | D:6      | Reached XP level 3. HP: 22/26 MP: 3/3
    50 | D:6      | Reached skill level 7 in Stealth
    65 | D:7      | Reached XP level 4. HP: 14/32 MP: 4/4
   251 | D:7      | Noticed a bullfrog
   397 | D:4      | Found the +7 staff of the Meek {protect, meekguard}
   398 | D:4      | Found a staircase to the Ecumenical Temple.
   413 | Temple   | Entered the Ecumenical Temple
   461 | Temple   | Reached XP level 5. HP: 31/37 MP: 5/5
   592 | D:3      | Found Vasiseti's Antique Armour Shoppe.
   651 | D:3      | Noticed Natasha
   654 | D:3      | Killed Natasha
   664 | D:3      | Noticed Ijyb
   667 | D:3      | Killed Ijyb
   768 | D:3      | Reached XP level 6. HP: 39/43 MP: 6/6
   785 | D:3      | Noticed Natasha
   791 | D:3      | Killed Natasha
   977 | D:2      | Got an odd book
  2809 | D:3      | Found a runed translucent door.
  2809 | D:3      | Noticed lunkers's ghost (amateur MeSh)
  2860 | D:3      | Noticed Sigmund
  2920 | D:3      | Killed Sigmund
  2921 | D:3      | Reached skill level 8 in Stealth
  2921 | D:3      | Reached skill level 1 in Shields
  2921 | D:3      | Reached XP level 7. HP: 32/49 MP: 7/7
  3010 | D:3      | Noticed Jessica
  3013 | D:3      | Killed Jessica
  3192 | D:3      | Noticed Natasha
  3195 | D:3      | Killed Natasha
  4186 | D:5      | Reached skill level 5 in Fighting
  4226 | D:5      | Identified the +0 pair of boots of Pununt {Int+3}
  4238 | D:5      | Reached XP level 8. HP: 55/55 MP: 8/8
  4320 | D:5      | Found a shimmering blue altar of Sif Muna.
  4798 | D:7      | Reached skill level 9 in Stealth
  5013 | D:7      | Reached skill level 5 in Short Blades
  5182 | D:7      | Reached skill level 5 in Dodging
  5513 | D:7      | Reached skill level 5 in Shields
  5513 | D:7      | Reached XP level 9. HP: 51/62 MP: 9/9
  5570 | D:7      | Noticed Jeremiah
  5611 | D:7      | HP: 2/53 [Jeremiah/+3 trident of draining (3)]
  5612 | D:7      | Slain by Jeremiah

Illustrated notes

Levels and vault maps discovered:
D:1:      lightli_arrival_windingriver, layout_basic,
          chequers_serial_rivers_marsh
D:2:      layout_basic
D:3:      layout_basic, serial_shops, nicolae_shop_pleasant_corner_grove,
          gammafunk_ghost_grave, uniq_jessica, uniq_natasha, uniq_sigmund,
          uniq_ijyb
D:4:      layout_loops_ring, minmay_temple_entry_arrows
D:5:      layout_basic, mainiacjoe_overflow_alcove_2
D:6:      layout_gridville
D:7:      layout_rooms, uniq_jeremiah
Temple:   compressed_dpeg_triangle_lava_temple

Skill      XL: |  1  2  3  4  5  6  7  8 |
---------------+-------------------------+-----
Stealth        | 7 8 9 |  9.6
Short Blades   | 3 4 5 |  5.2
Dodging        | 3 4 5 |  5.1
Fighting       | 4 5 |  5.7
Shields        | 1 3 5 |  5.0

Action                     |  1- 3 |  4- 6 |  7- 9 || total
---------------------------+-------+-------+-------++-------
  Melee: Short sword       |    15 |    11 |       ||    26
         Tentacles         |     4 |    17 |    21 ||    42
         Constrict         |     2 |    18 |    20 ||    40
         Quarterstaff      |       |    76 |   114 ||   190
         Punch             |       |       |     1 ||     1
  Throw: Javelin           |       |       |     8 ||     8
         Dart              |       |       |     3 ||     3
    Use: Potion            |     1 |       |     2 ||     3
         Scroll            |       |     5 |     9 ||    14
   Stab: Sleeping          |     1 |    27 |    14 ||    42
         Distracted        |       |       |     1 ||     1
         Invisible         |       |       |     1 ||     1
 Armour: Skin              |     6 |    25 |    64 ||    95
  Dodge: Dodged            |    10 |    31 |    82 ||   123

Table legend: (Time is in decaauts)
 A = Elapsed time spent in this place.
 B = Non-inter-level travel time spent in this place.
 C = Inter-level travel time spent in this place.
 D = Time resting spent in this place.
 E = Time spent auto-exploring this place.
 F = Levels seen in this place.
 G = Mean time per level.
                   A        B        C        D        E       F      G
               +--------+--------+--------+--------+--------+-----+--------+
         Total |   5657 |   5492 |    165 |    955 |   3457 |   8 |  707.1 |
       Dungeon |   5573 |   5408 |    165 |    893 |   3457 |   7 |  796.1 |
        Temple |     83 |     83 |      0 |     62 |      0 |   1 |   83.0 |
               +--------+--------+--------+--------+--------+-----+--------+

Top non-repeatable levels by time:
     D:3: 1041 daAuts
     D:1: 1016 daAuts
     D:7: 961 daAuts
     D:2: 754 daAuts
     D:4: 692 daAuts
     D:5: 580 daAuts
     D:6: 526 daAuts
  Temple: 83 daAuts
